 Dungeon Crawl Stone Soup version 0.15.2 (webtiles) character file.

130 vonhedlund the Ruinous (level 4, -14/34 HPs)
             Began as a Draconian Conjurer on Dec 10, 2014.
             Killed by divine providence
             ... invoked by an orc priest
              (16 damage)
             ... on Level 3 of the Dungeon.
             The game lasted 00:26:28 (2960 turns).

vonhedlund the Ruinous (Draconian Conjurer)         Turns: 2960, Time: 00:26:28

HP -14/34        AC  7     Str 10      XL: 4   Next: 90%
MP   7/7         EV 13     Int 16      God:
Gold 153         SH  0     Dex 12      Spells:  2 memorised,  4 levels left

rFire  . . .     SeeInvis .     d - +0 short sword
rCold  . . .     Clarity  .     (armour unavailable)
rNeg   + . .     rCorr    .     (no shield)
rPois  .         rRot     .     (helmet restricted)
rElec  .         Spirit   .     (no cloak)
SustAb .         Warding  .     e - +1 pair of gloves
rMut   .         Stasis   .     (no boots)
Gourm  .                        (no amulet)
MR     .....                    (no ring)
                                v - ring of positive energy

@: slowed, very slow, not resistant to hostile enchantments, unstealthy
A: unfitting armour, cold-blooded, AC +5
a: no special abilities


You were on level 3 of the Dungeon.
You were hungry.

You visited 1 branch of the dungeon, and saw 4 of its levels.

You collected 153 gold pieces.

Inventory:

Hand weapons
 d - a +0 short sword (weapon)
 g - a +0 spear
 m - a +0 dagger
Missiles
 f - 3 tomahawks (quivered)
 i - 11 sling bullets of frost
 n - 35 sling bullets
 p - 39 arrows
 q - 8 needles of sleeping
Armour
 e - a +1 pair of gloves (worn)
Comestibles
 b - 5 bread rations
 k - a royal jelly
 w - 2 meat rations
Scrolls
 h - 2 scrolls of enchant weapon
 j - a scroll of teleportation {unknown}
 l - a scroll of random uselessness {unknown}
 o - 4 scrolls of identify {unknown}
 t - a scroll of blinking {unknown}
Jewellery
 s - a +2 ring of dexterity
 v - a ring of positive energy (left hand)
Potions
 a - a potion of curing
 u - a potion of flight {unknown}
 x - a potion of mutation {unknown}
 A - a potion of resistance {unknown}
Books
 c - a book of Conjurations

   Spells                             Type                      Level
   *Magic Dart                        Conjuration                  1
   *Searing Ray                       Conjuration                  2
   Dazzling Spray                     Conjuration/Hexes            3
   Fulminant Prism                    Conjuration/Hexes            4
   Iskenderun's Mystic Blast          Conjuration                  4
   Iskenderun's Battlesphere          Conjuration/Charms           5


   Skills:
 + Level 0.9 Fighting
 + Level 0.2 Short Blades
 + Level 0.6 Throwing
 * Level 3.0 Dodging
 * Level 2.3 Stealth
 * Level 2.1 Spellcasting
 * Level 5.0 Conjurations


You had 4 spell levels left.
You knew the following spells:

 Your Spells              Type           Power        Failure   Level  Hunger
a - Magic Dart            Conj           ###.         2%          1    #......
b - Searing Ray           Conj           ###...       4%          2    ###....


Dungeon Overview and Level Annotations

Branches:
Dungeon (4/15)
 Temple: D:4-7

Altars:
Kikubaaqudgha
Makhleb
Qazlal

Annotations:
D:4 Natasha


Innate Abilities, Weirdness & Mutations

Your plain brown scales are hard (AC +5).
Your body does not fit into most forms of armour.
Your cold-blooded metabolism reacts poorly to cold.


Message History

The puff of flame hits you!
* * * LOW HITPOINT WARNING * * *
The orc wizard casts a spell.
The orc wizard blinks!
The orc priest becomes somewhat translucent.
The orc hits you but does no damage.
You climb upwards.
There is a stone staircase leading down here.
Drink which item? (? for menu, Esc to quit)
You feel better.
It was a potion of curing.
The orc priest barely misses you. The orc hits you with a runed mace.
* * * LOW HITPOINT WARNING * * *
x2 The orc priest hits you but does no damage.
The orc throws a stone.
The stone closely misses you.
The orc priest hits you but does no damage.
The orc throws a stone.
The stone hits you but does no damage.
You see here a stone.
The orc priest calls down the wrath of Beogh upon you.
Something smites you!
You die...

#.######## #.# #...# ###.#
#...# #..<# #...#
###...####...#####
###>....'..'.).'....
#..o....####...####.
#.(o....# #########.
#(.@.#### #.......#.
###+#######.......## ###
#.......'.........
#.###############.........
#.......#....# ########..
#.#####.#.##.# ##.. #.#
#.#.##.# #... #.#
#.#.##.###### ###.##
#.#####.#.##......# #.._..


You could see an orc priest and an orc.

Vanquished Creatures
  6 adders
  A giant mite (D:2)
  2 worms (D:2)
  An adder skeleton (D:4)
  2 giant geckos
  3 orcs (D:3)
  A ball python (D:2)
  4 goblins
  7 hobgoblins
  2 jackals (D:2)
  4 kobolds
  A quokka (D:2)
  8 bats
  2 giant cockroaches
  2 giant newts
  6 rats
52 creatures vanquished.

Notes
Turn   | Place    | Note
--------------------------------------------------------------
     0 | D:1      | vonhedlund, the Draconian Conjurer, began the quest for the Orb.
     0 | D:1      | Reached XP level 1. HP: 14/14 MP: 3/3
   741 | D:2      | Reached XP level 2. HP: 17/20 MP: 1/4
  1050 | D:2      | Reached XP level 3. HP: 24/26 MP: 1/6
  1350 | D:2      | Reached XP level 4. HP: 34/34 MP: 7/7
  1743 | D:3      | Found a stormy altar of Qazlal.
  1969 | D:3      | Reached skill level 5 in Conjurations
  2150 | D:3      | Found an ancient bone altar of Kikubaaqudgha.
  2399 | D:3      | Learned a level 2 spell: Searing Ray
  2439 | D:4      | Noticed Natasha
  2655 | D:4      | Found a burning altar of Makhleb.
  2679 | D:4      | Noticed a phantom
  2957 | D:3      | HP: 1/34 [orc/runed mace (2)]
  2960 | D:3      | Killed from afar by an orc priest

Action                   |  1- 3 |  4- 6 || total
-------------------------+-------+-------++-------
Melee: Unarmed           |    19 |       ||    19
       Short sword       |    57 |    64 ||   121
Throw: Tomahawk          |    11 |     6 ||    17
 Cast: Magic Dart        |    35 |    36 ||    71
       Searing Ray       |       |     2 ||     2
  Use: Scroll            |       |     1 ||     1
       Potion            |       |     1 ||     1
 Stab: Sleeping          |     5 |     1 ||     6
  Eat: Chunk             |     2 |     5 ||     7
